 Dungeon Crawl Stone Soup version 0.26-a0-683-g5206c1d7ac (webtiles) character file.

Game seed: 8396248147360006384

160 jasper the Charlatan (level 5, -5/31 HPs)
             Began as a Kobold Artificer on Oct 22, 2020.
             Was an Initiate of Trog.
             Killed from afar by a white imp (11 damage)
             ... with a puff of frost
             ... on level 4 of the Dungeon.
             The game lasted 00:05:19 (3463 turns).

jasper the Charlatan (Kobold Artificer)             Turns: 3463, Time: 00:05:20

Health: -5/31      AC:  7    Str: 10    XL:     5   Next: 69%
Magic:  5/5        EV: 14    Int: 13    God:    Trog [......]
Gold:   137        SH:  0    Dex: 15    Spells: 4/4 levels left

rFire    . . .     SeeInvis .   k - +0 hand axe (curse)
rCold    . . .     Faith    .   (shield restricted)
rNeg     . . .     Spirit   .   w - +0 ring mail
rPois    .         Reflect  .   i - +1 helmet
rElec    .         Harm     .   (no cloak)
rCorr    .         Rampage  .   (no gloves)
MR       .....                  (no boots)
Stlth    +++.......             (no amulet)
HPRegen  0.10/turn              (no ring)
MPRegen  0.09/turn              (no ring)

@: no status effects
A: small, nightstalker 3
a: Renounce Religion


You were on level 4 of the Dungeon.
You worshipped Trog.
Trog was noncommittal.
You visited 2 branches of the dungeon, and saw 5 of its levels.

You collected 137 gold pieces.

Inventory:

Hand Weapons
 a - a +0 club
 k - a cursed +0 hand axe (weapon)
 q - a +0 hunting sling
Missiles
 f - 131 stones (quivered)
 r - 6 atropa-tipped darts
 s - 17 bolts
Armour
 b - a +0 leather armour
 i - a +1 helmet (worn)
 w - a +0 ring mail (worn)
Wands
 d - a wand of enslavement (13)
Scrolls
 c - a scroll of magic mapping {unknown}
 g - 2 scrolls of remove curse {unknown}
 h - a scroll of teleportation {unknown}
 m - 7 scrolls of identify {unknown}
 n - a scroll of noise {unknown}
 o - a scroll of immolation {unknown}
 p - a scroll of enchant armour {unknown}
 v - a scroll of enchant weapon {unknown}
Potions
 j - a potion of haste {unknown}
 l - a potion of invisibility {unknown}
 t - a potion of mutation {unknown}
 u - a potion of curing {unknown}


   Skills:
 + Level 2.6 Fighting
 + Level 1.8 Armour
 + Level 3.6 Dodging
 + Level 3.3 Stealth
 + Level 4.5 Evocations


You had 4 spell levels left.
You didn't know any spells.
Your spell library was empty.

Dungeon Overview and Level Annotations

Branches:
Dungeon (4/15)             Temple (1/1) D:4

Altars:
Ashenzari
Cheibriados
Dithmenos
Elyvilon
Fedhas
Gozag
Hepliaklqana
Kikubaaqudgha
Makhleb
Nemelex Xobeh
Okawaru
Qazlal
Ru
Sif Muna
Trog
Uskayaw
Vehumet
Wu Jian
Yredelemnul
Zin
The Shining One

Annotations:
D:3 Grinder


Innate Abilities, Weirdness & Mutations

You are small and have problems with some larger weapons.
You are completely attuned to the shadows.


Message History

You take 5 damage, and have 26/31 hp.
You hit the white imp.
The white imp is moderately wounded.
The white imp hits you. The white imp freezes you.
You take 8 damage, and have 18/31 hp.
MASSIVE DAMAGE!!
You hit the white imp but do no damage.
The white imp is moderately wounded.
The white imp gestures at you. The puff of frost misses you.
The white imp barely misses you.
You barely miss the white imp.
The white imp is moderately wounded.
The white imp gestures at you. The puff of frost hits you!
* * * LOW HITPOINT WARNING * * *
You take 12 damage, and have 6/31 hp.
MASSIVE DAMAGE!!
You hit the white imp.
The white imp is heavily wounded.
The white imp gestures at you. The puff of frost hits you!
You die...

#........##.......
###.......#.....##
.................#
♣♣♣.....♣♣♣.###.##
♣≈≈≈≈≈≈≈≈≈♣.# ..#
♣≈♣.....♣≈♣.# ###
.≈.......≈..#
.≈.......≈
.≈...@...≈
.≈...5...≈
.≈.......≈
♣≈♣.....♣≈ ≈≈≈≈≈≈≈


You could see a white imp.

Vanquished Creatures
  Robin (D:3)
  5 adders
  2 oozes
  A worm (D:3)
  2 dart slugs (D:2)
  6 leopard geckos
  An orc (D:3)
  A ball python (D:3)
  3 giant cockroaches
  19 goblins
  7 hobgoblins
  2 quokkas
  8 bats
  4 frilled lizards
  9 kobolds
  9 rats
80 creatures vanquished.

Notes
Turn   | Place    | Note
-------+----------+-------------------------------------------
     0 | D:1      | jasper the Kobold Artificer began the quest for the Orb.
     0 | D:1      | Reached XP level 1. HP: 12/12 MP: 1/1
   187 | D:1      | Reached XP level 2. HP: 16/16 MP: 2/2
   201 | D:1      | Reached skill level 1 in Armour
   420 | D:1      | Reached XP level 3. HP: 8/20 MP: 3/3
  1196 | D:2      | Reached skill level 4 in Evocations
  1320 | D:2      | Found a bloodstained altar of Trog.
  1489 | D:2      | Reached XP level 4. HP: 26/26 MP: 4/4
  2430 | D:3      | Noticed Robin
  2444 | D:3      | Reached XP level 5. HP: 13/30 MP: 5/5
  2444 | D:3      | Killed Robin
  3226 | D:3      | Noticed Grinder
  3286 | D:4      | Found a staircase to the Ecumenical Temple.
  3294 | Temple   | Entered the Ecumenical Temple
  3443 | Temple   | Became a worshipper of Trog the Wrathful
  3463 | D:4      | Killed from afar by a white imp

Illustrated notes

Levels and vault maps discovered:
D:1:      dpeg_arrival_windows_large_door, layout_loops_ring,
          minmay_crystal_room
D:2:      layout_rooms, trog_book
D:3:      layout_rooms, uniq_robin, uniq_grinder
D:4:      layout_cave_pools, lemuel_doored_altar,
          minmay_temple_entry_water_ring, grunt_ministairs_3, uniq_sigmund,
          uniq_edmund, uniq_blork_the_orc
Temple:   compressed_dpeg_circular_temple

Skill      XL: |  1  2  3  4 |
---------------+-------------+-----
Armour         | 1 |  1.8
Stealth        | 2 3 |  3.3
Evocations     | 4 |  4.5
Dodging        | 3 |  3.6
Fighting       | 2 |  2.6

Action                   |  1- 3 |  4- 6 || total
-------------------------+-------+-------++-------
Melee: Club              |   101 |       ||   101
       Hand axe          |    53 |   118 ||   171
Throw: Stone             |    44 |    14 ||    58
Evoke: Wand              |       |    32 ||    32
  Use: Potion            |       |     1 ||     1
 Stab: Sleeping          |     6 |     2 ||     8
Armor: Leather armour    |    29 |    15 ||    44
       Ring mail         |       |    11 ||    11
Dodge: Dodged            |   141 |   109 ||   250

Table legend: (Time is in decaauts)
 A = Elapsed time spent in this place.
 B = Non-inter-level travel time spent in this place.
 C = Inter-level travel time spent in this place.
 D = Time resting spent in this place.
 E = Time spent auto-exploring this place.
 F = Levels seen in this place.
 G = Mean time per level.
                   A        B        C        D        E       F      G
               +--------+--------+--------+--------+--------+-----+--------+
         Total |   3549 |   3417 |    132 |    411 |   2288 |   5 |  709.8 |
       Dungeon |   3392 |   3266 |    126 |    411 |   2158 |   4 |  848.0 |
        Temple |    156 |    150 |      6 |      0 |    130 |   1 |  156.0 |
               +--------+--------+--------+--------+--------+-----+--------+

Top non-repeatable levels by time:
     D:1: 1205 daAuts
     D:3: 1121 daAuts
     D:2: 1009 daAuts
  Temple: 156 daAuts
     D:4: 57 daAuts
